Philadelphia Flyers vs Detroit Red Wings
Created - Saturday, September 16, 2023 at 06:46
Goals
|
| Philadelphia Flyers |
2 |
2 |
1 |
0 |
2 |
6 |
| Detroit Red Wings |
2 |
1 |
2 |
0 |
0 |
5 |
|
Shots
|
| Philadelphia Flyers |
13 |
11 |
12 |
1 |
3 |
37 |
| Detroit Red Wings |
14 |
14 |
17 |
1 |
2 |
46 |
|
1st period
1. Detroit Red Wings , Mika Zibanejad 9 (Daniel Sprong 6, MacKenzie Weegar 8) at 5:23 (PP)
2. Detroit Red Wings , Steven Stamkos 13 (Brock Nelson 10) at 6:32
3. Philadelphia Flyers , Elias Lindholm 8 (Max Pacioretty 13, Artem Zub 5) at 15:20
4. Philadelphia Flyers , Auston Matthews 10 (Matt Duchene 6, Jack McBain 6) at 16:40
Penalties :
Justin Faulk (PHI) for Cross-checking (Minor) at 5:06
2nd period
5. Detroit Red Wings , Brock Nelson 6 (Steven Stamkos 16, Jared McCann 7) at 4:29
6. Philadelphia Flyers , Bryan Rust 2 (Marcus Johansson 5, Elias Lindholm 9) at 10:19 (PP)
7. Philadelphia Flyers , Max Pacioretty 4 (Elias Lindholm 10) at 10:35
Penalties :
Jared McCann (DET) for High sticking (Minor) at 7:03, Steven Stamkos (DET) for Holding (Minor) at 10:08
3rd period
8. Detroit Red Wings , Shayne Gostisbehere 1 (Arthur Kaliyev 6, Josh Bailey 4) at 6:57
9. Detroit Red Wings , Jared McCann 6 (Steven Stamkos 17) at 10:43
10. Philadelphia Flyers , Lukas Sedlak 2 (Bryan Rust 2, Radek Faksa 5) at 13:26
Penalties :
Tyler Johnson (PHI) for Hooking (Minor) at 3:27, Ben Chiarot (PHI) for Holding (Minor) at 17:03
Overtime #1
No Goal
Penalties :
No Penalty
Shootout
Philadelphia Flyers, Auston Matthews - Stopped by Semyon Varlamov
Detroit Red Wings, Mika Zibanejad - Stopped by Jake Allen
Philadelphia Flyers, Matt Duchene - Goal!
Detroit Red Wings, Steven Stamkos - Shot Misses the Net
Philadelphia Flyers, Max Pacioretty - Goal!
Penalties :
No Penalty
Goalie Stats
Jake Allen (PHI), 41 saves from 46 shots - (0.891), W, 4-2-1, 65:00 minutes
Semyon Varlamov (DET), 32 saves from 37 shots - (0.865), OTL, 6-7-1, 65:00 minutes
Players Stats for Philadelphia Flyers
Player Name G A P +/- PIM S H SB GA TA FO MP PP MP PK MP
------------------------------------------------------------------------------------
Artem Zub 0 1 1 1 0 1 3 3 0 0 0/0 22:42 0:00 2:48
Auston Matthews 1 0 1 1 0 6 0 0 1 0 11/22 16:35 1:04 0:00
Ben Chiarot 0 0 0 -2 2 1 1 2 1 0 0/0 22:37 0:00 0:53
Bryan Rust 1 1 2 -1 0 6 0 1 0 0 1/1 17:00 1:06 2:05
Elias Lindholm 1 2 3 2 0 2 1 2 1 1 3/17 17:29 1:06 2:05
Erik Gustafsson 0 0 0 1 0 0 1 2 0 0 0/0 17:22 1:03 0:00
Jack McBain 0 1 1 1 0 0 2 1 1 2 2/3 16:38 0:00 2:10
Jesper Fast 0 0 0 -2 0 1 1 0 0 0 0/1 14:00 0:00 0:00
Justin Faulk 0 0 0 -2 2 0 3 2 0 1 0/0 24:23 1:07 1:33
Lukas Sedlak 1 0 1 -1 0 1 2 0 0 1 0/0 14:48 0:00 0:00
Marcus Johansson 0 1 1 -2 0 0 0 0 2 0 1/2 15:06 1:06 0:00
Matt Duchene 0 1 1 1 0 5 1 0 0 0 0/0 16:22 1:04 0:00
Matt Roy 0 0 0 1 0 1 1 1 0 2 0/0 21:09 1:03 2:42
Max Pacioretty 1 1 2 2 0 7 0 1 0 0 1/2 15:30 1:04 0:00
Nathan Bastian 0 0 0 2 0 0 2 0 0 0 0/1 12:18 0:00 0:00
Oliver Ekman-Larsson 0 0 0 1 0 2 0 1 0 0 0/0 21:46 1:07 0:34
Radek Faksa 0 1 1 -1 0 2 0 1 2 1 5/15 15:54 0:00 2:10
Tyler Johnson 0 0 0 -2 2 2 0 0 3 0 6/15 14:03 0:00 0:00
Players Stats for Detroit Red Wings
Player Name G A P +/- PIM S H SB GA TA FO MP PP MP PK MP
------------------------------------------------------------------------------------
Arthur Kaliyev 0 1 1 1 0 6 0 0 1 2 0/1 12:10 0:00 0:00
Brock Nelson 1 1 2 0 0 5 1 1 2 0 2/2 20:59 0:00 0:54
Carter Verhaeghe 0 0 0 -1 0 1 0 0 1 1 1/1 18:31 2:07 0:00
Daniel Sprong 0 1 1 0 0 2 1 0 0 0 0/1 14:12 2:05 0:44
Jared McCann 1 1 2 0 2 4 1 0 0 1 1/2 22:06 2:13 0:00
Jason Zucker 0 0 0 1 0 1 0 0 1 0 0/0 9:09 0:00 0:00
Jonathan Huberdeau 0 0 0 0 0 3 1 0 2 1 0/1 10:23 2:08 0:00
Josh Bailey 0 1 1 1 0 4 0 0 0 1 5/10 10:47 0:03 0:00
Kevin Shattenkirk 0 0 0 -1 0 2 0 0 0 1 0/0 30:55 2:02 1:13
MacKenzie Weegar 0 1 1 -1 0 1 2 0 0 2 0/0 30:43 2:02 1:13
Matthew Boldy 0 0 0 -1 0 3 2 0 0 0 1/1 18:07 2:07 0:24
Michael Del Zotto 0 0 0 1 0 0 1 0 0 0 0/0 13:52 0:00 0:00
Mika Zibanejad 1 0 1 -1 0 1 1 2 0 0 14/21 19:46 2:08 0:52
Philippe Myers 0 0 0 1 0 1 1 0 0 0 0/0 13:43 0:00 0:57
Sean Couturier 0 0 0 0 0 0 1 0 1 1 4/5 11:30 0:00 1:09
Shayne Gostisbehere 1 0 1 0 0 6 0 0 0 1 0/0 21:46 2:13 0:57
Steven Stamkos 1 2 3 0 2 5 3 0 0 0 21/34 22:38 2:07 0:17
Zach Bogosian 0 0 0 0 0 1 4 2 0 0 0/0 16:31 0:00 0:00
3 Stars
1 - Elias Lindholm (PHI)
2 - Max Pacioretty (PHI)
3 - Steven Stamkos (DET)
Power Play
Philadelphia Flyers - 1 on 2 Attempt(s) - 50.00%
Detroit Red Wings - 1 on 3 Attempt(s) - 33.33%
Penalty Kill
Philadelphia Flyers - 2 on 3 Attempt(s) - 66.67%
- Score 0 goal in Penalty Kill
Detroit Red Wings - 1 on 2 Attempt(s) - 50.00%
- Score 0 goal in Penalty Kill
Team Stat
Philadelphia Flyers - Hits : 18 - Faceoff Wins : 30 - Blocked Shots : 17 - Penalty Minutes : 6
Detroit Red Wings - Hits : 19 - Faceoff Wins : 49 - Blocked Shots : 5 - Penalty Minutes : 4
Official
Referees : Kevin Pollock and Tom Kowal
Linesman : Brian Mach and Brian Murphy
Game Notes
10:35 of 2nd period - Philadelphia Flyers goal is going for a video replay. After video review, Goal.
Zach Bogosian is injured at 16:03 of 3rd period (Sprained Left Knee)
Finance
Level 1 -- Attendance: 4890 (81.50%) -- Ticket Income $489,000
Level 2 -- Attendance: 3543 (70.86%) -- Ticket Income $212,580
Level 3 -- Attendance: 2078 (69.27%) -- Ticket Income $72,730
Level 4 -- Attendance: 3450 (69.00%) -- Ticket Income $86,250
Luxury Box -- Attendance: 775 (77.50%) -- Ticket Income $155,000
Game was played at the Joe Louis Arena.
Total Attendance: 14736 (73.68%)
Total Ticket Income: $1,015,560
Other Income: $355,446
Total Income: $1,371,006
Philadelphia Flyers
5 vs 5 Forward
Center Left Wing Right Wing Time % Phy DF OF
1 Auston Matthews Matt Duchene Jack McBain 25 0 2 3
2 Elias Lindholm Max Pacioretty Nathan Bastian 25 0 2 3
3 Radek Faksa Bryan Rust Lukas Sedlak 25 0 2 3
4 Tyler Johnson Jesper Fast Marcus Johansson 25 0 2 3
5 vs 5 Defense
Defense Defense Time % Phy DF OF
1 Justin Faulk Ben Chiarot 35 1 2 2
2 Oliver Ekman-Larsson Artem Zub 35 1 2 2
3 Erik Gustafsson Matt Roy 30 1 2 2
4 Justin Faulk Ben Chiarot 0 1 2 2
PowerPlay Forward
Center Left Wing Right Wing Time % Phy DF OF
1 Auston Matthews Max Pacioretty Matt Duchene 50 0 1 4
2 Elias Lindholm Marcus Johansson Bryan Rust 50 0 1 4
PowerPlay Defense
Defense Defense Time % Phy DF OF
1 Justin Faulk Oliver Ekman-Larsson 50 0 2 3
2 Erik Gustafsson Matt Roy 50 0 2 3
Penalty Kill 4 Players Forward
Center Wing Time % Phy DF OF
1 Radek Faksa Jack McBain 50 0 4 1
2 Elias Lindholm Bryan Rust 50 0 4 1
Penalty Kill 4 Players Defense
Defense Defense Time % Phy DF OF
1 Justin Faulk Ben Chiarot 50 0 5 0
2 Artem Zub Matt Roy 50 0 5 0
Penalty Kill - 3 Players Forward
Forward Time % Phy DF OF
1 Radek Faksa 50 0 5 0
2 Jack McBain 50 0 5 0
Penalty Kill - 3 Players Defense
Defense Defense Time % Phy DF OF
1 Justin Faulk Ben Chiarot 50 0 5 0
2 Artem Zub Matt Roy 50 0 5 0
4 vs 4 Forward
Center Wing Time % Phy DF OF
1 Auston Matthews Matt Duchene 50 0 2 3
2 Elias Lindholm Max Pacioretty 50 0 3 2
4 vs 4 Defense
Defense Defense Time % Phy DF OF
1 Justin Faulk Ben Chiarot 50 0 3 2
2 Oliver Ekman-Larsson Artem Zub 50 0 3 2
Last Minutes Offensive
Center Left Wing Right Wing Defense Defense
Auston Matthews Max Pacioretty Matt Duchene Justin Faulk Oliver Ekman-Larsson
Last Minutes Defensive
Center Left Wing Right Wing Defense Defense
Elias Lindholm Radek Faksa Jack McBain Ben Chiarot Matt Roy
Goaltenders
Starting : Jake Allen
Backup : Connor Ingram
Extra Forwards
Normal : Auston Matthews, Elias Lindholm, Matt Duchene - PP : Auston Matthews, Elias Lindholm - PK : Elias Lindholm
Extra Defensemen
Normal : Justin Faulk, Oliver Ekman-Larsson, Erik Gustafsson - PP : Justin Faulk - PK : Ben Chiarot, Matt Roy
Penalty Shots
Auston Matthews, Matt Duchene, Max Pacioretty, Elias Lindholm, Marcus Johansson
Detroit Red Wings
5 vs 5 Forward
Center Left Wing Right Wing Time % Phy DF OF
1 Steven Stamkos Brock Nelson Jared McCann 40 1 2 2
2 Mika Zibanejad Carter Verhaeghe Matthew Boldy 30 1 2 2
3 Josh Bailey Daniel Sprong Arthur Kaliyev 20 1 2 2
4 Sean Couturier Jonathan Huberdeau Jason Zucker 10 1 2 2
5 vs 5 Defense
Defense Defense Time % Phy DF OF
1 Kevin Shattenkirk MacKenzie Weegar 40 1 2 2
2 Zach Bogosian Shayne Gostisbehere 30 1 2 2
3 Philippe Myers Michael Del Zotto 20 1 2 2
4 Kevin Shattenkirk MacKenzie Weegar 10 1 2 2
PowerPlay Forward
Center Left Wing Right Wing Time % Phy DF OF
1 Mika Zibanejad Daniel Sprong Jonathan Huberdeau 50 1 2 2
2 Steven Stamkos Carter Verhaeghe Matthew Boldy 50 1 2 2
PowerPlay Defense
Defense Defense Time % Phy DF OF
1 Kevin Shattenkirk MacKenzie Weegar 50 1 2 2
2 Shayne Gostisbehere Jared McCann 50 1 2 2
Penalty Kill 4 Players Forward
Center Wing Time % Phy DF OF
1 Mika Zibanejad Jared McCann 50 1 2 2
2 Sean Couturier Brock Nelson 50 1 2 2
Penalty Kill 4 Players Defense
Defense Defense Time % Phy DF OF
1 Kevin Shattenkirk MacKenzie Weegar 50 1 2 2
2 Philippe Myers Shayne Gostisbehere 50 1 2 2
Penalty Kill - 3 Players Forward
Forward Time % Phy DF OF
1 Mika Zibanejad 50 1 2 2
2 Brock Nelson 50 1 2 2
Penalty Kill - 3 Players Defense
Defense Defense Time % Phy DF OF
1 Kevin Shattenkirk MacKenzie Weegar 50 1 2 2
2 Philippe Myers Shayne Gostisbehere 50 1 2 2
4 vs 4 Forward
Center Wing Time % Phy DF OF
1 Mika Zibanejad Carter Verhaeghe 60 1 2 2
2 Steven Stamkos Matthew Boldy 40 1 2 2
4 vs 4 Defense
Defense Defense Time % Phy DF OF
1 Kevin Shattenkirk MacKenzie Weegar 60 1 2 2
2 Shayne Gostisbehere Michael Del Zotto 40 1 2 2
Last Minutes Offensive
Center Left Wing Right Wing Defense Defense
Steven Stamkos Mika Zibanejad Matthew Boldy Kevin Shattenkirk MacKenzie Weegar
Last Minutes Defensive
Center Left Wing Right Wing Defense Defense
Sean Couturier Mika Zibanejad Jared McCann Kevin Shattenkirk MacKenzie Weegar
Goaltenders
Starting : Semyon Varlamov
Backup : Sergei Bobrovsky
Extra Forwards
Normal : Sean Couturier, Daniel Sprong, Arthur Kaliyev - PP : Josh Bailey, Arthur Kaliyev - PK : Sean Couturier
Extra Defensemen
Normal : Philippe Myers, Michael Del Zotto, Kevin Shattenkirk - PP : Michael Del Zotto - PK : Philippe Myers, Michael Del Zotto
Penalty Shots
Mika Zibanejad, Steven Stamkos, Matthew Boldy, Carter Verhaeghe, Jared McCann
% Time on Ice - Philadelphia Flyers
Lines # - Real PCT - Wanted PCT - Time Play
Normal Forward
1 - 25% - 25% - 13:28
2 - 23% - 25% - 12:23
3 - 26% - 25% - 13:44
4 - 26% - 25% - 14:00
Normal Defense
1 - 36% - 35% - 19:32
2 - 34% - 35% - 18:02
3 - 28% - 30% - 15:13
4 - 1% - 0% - 0:48
PP Forward
1 - 49% - 50% - 1:04
2 - 51% - 50% - 1:06
PP Defense
1 - 52% - 50% - 1:07
2 - 48% - 50% - 1:03
PK Forward
1 - 51% - 50% - 2:10
2 - 49% - 50% - 2:05
PK Defense
1 - 50% - 50% - 2:08
2 - 50% - 50% - 2:07
PK3 Forward
1 - 0% - 50%
2 - 0% - 50%
PK3 Defense
1 - 0% - 50%
2 - 0% - 50%
44 Forward
1 - 40% - 50% - 2:01
2 - 60% - 50% - 2:59
44 Defense
1 - 41% - 50% - 2:02
2 - 59% - 50% - 2:58
Last Minute Offensive - 0:00
Last Minute Defensive - 0:00
Total
Forward - 65:00
Defense - 65:00
|
% Time on Ice - Detroit Red Wings
Lines # - Real PCT - Wanted PCT - Time Play
Normal Forward
1 - 37% - 40% - 20:05
2 - 27% - 30% - 14:31
3 - 20% - 20% - 10:44
4 - 15% - 10% - 8:15
Normal Defense
1 - 39% - 40% - 20:52
2 - 31% - 30% - 16:47
3 - 22% - 20% - 11:54
4 - 8% - 10% - 4:02
PP Forward
1 - 50% - 50% - 2:08
2 - 50% - 50% - 2:07
PP Defense
1 - 48% - 50% - 2:02
2 - 52% - 50% - 2:13
PK Forward
1 - 58% - 50% - 1:16
2 - 42% - 50% - 0:54
PK Defense
1 - 56% - 50% - 1:13
2 - 44% - 50% - 0:57
PK3 Forward
1 - 0% - 50%
2 - 0% - 50%
PK3 Defense
1 - 0% - 50%
2 - 0% - 50%
44 Forward
1 - 78% - 60% - 3:55
2 - 22% - 40% - 1:05
44 Defense
1 - 51% - 60% - 2:34
2 - 49% - 40% - 2:26
Last Minute Offensive - 0:00
Last Minute Defensive - 0:00
Total
Forward - 65:00
Defense - 65:00
|
Play-by-Play
1st period
0:01 of 1st period - Brock Nelson wins face-off versus Auston Matthews in neutral zone.
0:08 of 1st period - Snap shot by Brock Nelson.
0:08 of 1st period - Shot Misses the Net.
0:51 of 1st period - Wrist shot by Max Pacioretty.
0:51 of 1st period - Stopped by Semyon Varlamov with a rebound.
0:53 of 1st period - Slapshot by Matt Roy.
0:53 of 1st period - Shot Misses the Net.
0:55 of 1st period - Snap shot by Matt Roy.
0:55 of 1st period - Deflect By Bryan Rust.
0:55 of 1st period - Stopped by Semyon Varlamov with a rebound.
0:57 of 1st period - Wrist shot by Bryan Rust.
0:57 of 1st period - Stopped by Semyon Varlamov with a rebound.
0:59 of 1st period - Slapshot by Matt Roy.
0:59 of 1st period - Deflect By Matthew Boldy.
0:59 of 1st period - Stopped by Semyon Varlamov with a rebound.
1:01 of 1st period - Slapshot by Matt Roy.
1:01 of 1st period - Shot Blocked by Zach Bogosian.
1:18 of 1st period - Icing by Jesper Fast.
1:19 of 1st period - Steven Stamkos wins face-off versus Tyler Johnson in Philadelphia Flyers zone.
1:32 of 1st period - Wrist shot by Steven Stamkos.
1:32 of 1st period - Stopped by Jake Allen with a rebound.
1:34 of 1st period - Snap shot by Brock Nelson.
1:34 of 1st period - Shot Misses the Net.
1:36 of 1st period - Slapshot by Jared McCann.
1:36 of 1st period - Shot Blocked by Matt Roy.
2:19 of 1st period - Snap shot by Jonathan Huberdeau.
2:19 of 1st period - Stopped by Jake Allen without a rebound.
2:20 of 1st period - Auston Matthews wins face-off versus Steven Stamkos in Philadelphia Flyers zone.
3:19 of 1st period - Matthew Boldy is hit by Matt Roy and loses puck.
3:36 of 1st period - Jason Zucker is hit by Jesper Fast and loses puck.
3:42 of 1st period - Icing by Philippe Myers.
3:43 of 1st period - Sean Couturier wins face-off versus Auston Matthews in Detroit Red Wings zone.
4:24 of 1st period - Snap shot by Jonathan Huberdeau.
4:24 of 1st period - Stopped by Jake Allen with a rebound.
4:47 of 1st period - Off-side.
4:48 of 1st period - Steven Stamkos wins face-off versus Auston Matthews in neutral zone.
4:57 of 1st period - Slapshot by Steven Stamkos.
4:57 of 1st period - Stopped by Jake Allen without a rebound.
4:58 of 1st period - Steven Stamkos wins face-off versus Auston Matthews in Philadelphia Flyers zone.
5:06 of 1st period - Minor Penalty to Justin Faulk for Cross-checking.
5:07 of 1st period - Mika Zibanejad wins face-off versus Radek Faksa in Philadelphia Flyers zone.
5:23 of 1st period - Snap shot by Mika Zibanejad.
5:23 of 1st period - Goal by Mika Zibanejad - Philadelphia Flyers : 0 - Detroit Red Wings : 1.
5:24 of 1st period - Steven Stamkos wins face-off versus Elias Lindholm in neutral zone.
5:27 of 1st period - Ben Chiarot is hit by Steven Stamkos and loses puck.
6:02 of 1st period - Snap shot by Auston Matthews.
6:02 of 1st period - Deflect By Matt Duchene.
6:02 of 1st period - Stopped by Semyon Varlamov without a rebound.
6:03 of 1st period - Tyler Johnson wins face-off versus Steven Stamkos in Detroit Red Wings zone.
6:17 of 1st period - Icing by Steven Stamkos.
6:18 of 1st period - Steven Stamkos wins face-off versus Radek Faksa in Detroit Red Wings zone.
6:32 of 1st period - Slapshot by Steven Stamkos.
6:32 of 1st period - Goal by Steven Stamkos - Philadelphia Flyers : 0 - Detroit Red Wings : 2.
6:33 of 1st period - Elias Lindholm wins face-off versus Josh Bailey in neutral zone.
7:00 of 1st period - MacKenzie Weegar is hit by Matt Duchene and loses puck.
7:21 of 1st period - Slapshot by Matthew Boldy.
7:21 of 1st period - Shot Misses the Net.
7:55 of 1st period - Snap shot by Bryan Rust.
7:55 of 1st period - Shot Blocked by Zach Bogosian.
8:19 of 1st period - Justin Faulk is hit by Zach Bogosian and loses puck.
8:29 of 1st period - Off-side.
8:30 of 1st period - Mika Zibanejad wins face-off versus Auston Matthews in neutral zone.
9:58 of 1st period - Zach Bogosian is hit by Nathan Bastian and loses puck.
10:05 of 1st period - Wrist shot by Max Pacioretty.
10:05 of 1st period - Stopped by Semyon Varlamov with a rebound.
10:19 of 1st period - Artem Zub is hit by Zach Bogosian and loses puck.
11:06 of 1st period - Snap shot by Max Pacioretty.
11:06 of 1st period - Stopped by Semyon Varlamov with a rebound.
11:08 of 1st period - Wrist shot by Ben Chiarot.
11:08 of 1st period - Stopped by Semyon Varlamov without a rebound.
11:09 of 1st period - Steven Stamkos wins face-off versus Auston Matthews in Detroit Red Wings zone.
12:12 of 1st period - Wrist shot by Daniel Sprong.
12:12 of 1st period - Stopped by Jake Allen with a rebound.
12:30 of 1st period - Snap shot by Jason Zucker.
12:30 of 1st period - Shot Blocked by Artem Zub.
13:04 of 1st period - Wrist shot by Tyler Johnson.
13:04 of 1st period - Shot Misses the Net.
13:12 of 1st period - Wrist shot by Tyler Johnson.
13:12 of 1st period - Shot Misses the Net.
13:14 of 1st period - Slapshot by Marcus Johansson.
13:14 of 1st period - Shot Misses the Net.
13:35 of 1st period - Snap shot by Arthur Kaliyev.
13:35 of 1st period - Shot Blocked by Justin Faulk.
14:47 of 1st period - Matt Roy is hit by Daniel Sprong and loses puck.
15:04 of 1st period - Icing by Kevin Shattenkirk.
15:05 of 1st period - Elias Lindholm wins face-off versus Josh Bailey in Detroit Red Wings zone.
15:06 of 1st period - Snap shot by Max Pacioretty.
15:06 of 1st period - Stopped by Semyon Varlamov without a rebound.
15:07 of 1st period - Brock Nelson wins face-off versus Max Pacioretty in Detroit Red Wings zone.
15:18 of 1st period - Snap shot by Max Pacioretty.
15:18 of 1st period - Stopped by Semyon Varlamov with a rebound.
15:20 of 1st period - Snap shot by Elias Lindholm.
15:20 of 1st period - Goal by Elias Lindholm - Philadelphia Flyers : 1 - Detroit Red Wings : 2.
15:21 of 1st period - Steven Stamkos wins face-off versus Tyler Johnson in neutral zone.
15:26 of 1st period - Wrist shot by Jared McCann.
15:26 of 1st period - Stopped by Jake Allen with a rebound.
15:28 of 1st period - Slapshot by Jared McCann.
15:28 of 1st period - Stopped by Jake Allen with a rebound.
15:30 of 1st period - Wrist shot by Jared McCann.
15:30 of 1st period - Shot Misses the Net.
15:32 of 1st period - Wrist shot by Steven Stamkos.
15:32 of 1st period - Shot Misses the Net.
15:34 of 1st period - Snap shot by Brock Nelson.
15:34 of 1st period - Shot Misses the Net.
15:45 of 1st period - Icing by Justin Faulk.
15:46 of 1st period - Mika Zibanejad wins face-off versus Elias Lindholm in Philadelphia Flyers zone.
15:57 of 1st period - Wrist shot by Matthew Boldy.
15:57 of 1st period - Stopped by Jake Allen with a rebound.
16:15 of 1st period - Wrist shot by Bryan Rust.
16:15 of 1st period - Stopped by Semyon Varlamov with a rebound.
16:23 of 1st period - Wrist shot by Carter Verhaeghe.
16:23 of 1st period - Shot Blocked by Artem Zub.
16:25 of 1st period - Snap shot by Matthew Boldy.
16:25 of 1st period - Shot Misses the Net.
16:27 of 1st period - Snap shot by Matthew Boldy.
16:27 of 1st period - Deflect By Mika Zibanejad.
16:27 of 1st period - Shot Misses the Net.
16:27 of 1st period - Puck is out of play.
16:28 of 1st period - Auston Matthews wins face-off versus Steven Stamkos in Philadelphia Flyers zone.
16:28 of 1st period - Auston Matthews is hit by MacKenzie Weegar.
16:40 of 1st period - Snap shot by Auston Matthews.
16:40 of 1st period - Goal by Auston Matthews - Philadelphia Flyers : 2 - Detroit Red Wings : 2.
16:41 of 1st period - Steven Stamkos wins face-off versus Tyler Johnson in neutral zone.
16:44 of 1st period - Jared McCann is hit by Ben Chiarot and loses puck.
16:53 of 1st period - Wrist shot by Brock Nelson.
16:53 of 1st period - Shot Misses the Net.
16:55 of 1st period - Slapshot by MacKenzie Weegar.
16:55 of 1st period - Stopped by Jake Allen without a rebound.
16:56 of 1st period - Matthew Boldy wins face-off versus Auston Matthews in Philadelphia Flyers zone.
17:27 of 1st period - Slapshot by Radek Faksa.
17:27 of 1st period - Shot Misses the Net.
18:07 of 1st period - Wrist shot by Tyler Johnson.
18:07 of 1st period - Shot Misses the Net.
18:27 of 1st period - Snap shot by Arthur Kaliyev.
18:27 of 1st period - Stopped by Jake Allen without a rebound.
18:28 of 1st period - Steven Stamkos wins face-off versus Elias Lindholm in Philadelphia Flyers zone.
18:45 of 1st period - Elias Lindholm is hit by Jared McCann and loses puck.
19:08 of 1st period - Snap shot by Matthew Boldy.
19:08 of 1st period - Stopped by Jake Allen without a rebound.
19:09 of 1st period - Mika Zibanejad wins face-off versus Radek Faksa in Philadelphia Flyers zone.
19:12 of 1st period - Wrist shot by Mika Zibanejad.
19:12 of 1st period - Shot Misses the Net.
19:14 of 1st period - Slapshot by Zach Bogosian.
19:14 of 1st period - Stopped by Jake Allen with a rebound.
19:16 of 1st period - Snap shot by Mika Zibanejad.
19:16 of 1st period - Shot Misses the Net.
19:18 of 1st period - Snap shot by Zach Bogosian.
19:18 of 1st period - Shot Blocked by Erik Gustafsson.
Goals for this period are 2 for Philadelphia Flyers vs 2 for Detroit Red Wings.
Shots for this period are 13 for Philadelphia Flyers vs 14 for Detroit Red Wings.
2nd period
0:01 of 2nd period - Steven Stamkos wins face-off versus Auston Matthews in neutral zone.
0:08 of 2nd period - Snap shot by Brock Nelson.
0:08 of 2nd period - Shot Blocked by Ben Chiarot.
0:12 of 2nd period - Snap shot by Brock Nelson.
0:12 of 2nd period - Stopped by Jake Allen without a rebound.
0:13 of 2nd period - Steven Stamkos wins face-off versus Radek Faksa in Philadelphia Flyers zone.
1:06 of 2nd period - Max Pacioretty is hit by Zach Bogosian.
1:10 of 2nd period - Slapshot by Arthur Kaliyev.
1:10 of 2nd period - Shot Blocked by Erik Gustafsson.
1:12 of 2nd period - Wrist shot by Josh Bailey.
1:12 of 2nd period - Shot Blocked by Elias Lindholm.
1:54 of 2nd period - Matt Roy is hit by Philippe Myers and loses puck.
2:16 of 2nd period - Icing by MacKenzie Weegar.
2:17 of 2nd period - Mika Zibanejad wins face-off versus Elias Lindholm in Detroit Red Wings zone.
2:17 of 2nd period - Mika Zibanejad is hit by Elias Lindholm.
2:48 of 2nd period - Wrist shot by Brock Nelson.
2:48 of 2nd period - Stopped by Jake Allen without a rebound.
2:49 of 2nd period - Steven Stamkos wins face-off versus Radek Faksa in Philadelphia Flyers zone.
3:06 of 2nd period - Snap shot by Brock Nelson.
3:06 of 2nd period - Shot Blocked by Bryan Rust.
3:08 of 2nd period - Snap shot by Brock Nelson.
3:08 of 2nd period - Stopped by Jake Allen with a rebound.
3:10 of 2nd period - Snap shot by Steven Stamkos.
3:10 of 2nd period - Stopped by Jake Allen without a rebound.
3:11 of 2nd period - Mika Zibanejad wins face-off versus Tyler Johnson in Philadelphia Flyers zone.
3:20 of 2nd period - Snap shot by Carter Verhaeghe.
3:20 of 2nd period - Shot Misses the Net.
4:07 of 2nd period - Backhand shot by Steven Stamkos.
4:07 of 2nd period - Shot Blocked by Radek Faksa.
4:29 of 2nd period - Slapshot by Brock Nelson.
4:29 of 2nd period - Goal by Brock Nelson - Philadelphia Flyers : 2 - Detroit Red Wings : 3.
4:30 of 2nd period - Auston Matthews wins face-off versus Josh Bailey in neutral zone.
4:46 of 2nd period - Wrist shot by Daniel Sprong.
4:46 of 2nd period - Shot Misses the Net.
5:01 of 2nd period - Snap shot by Jonathan Huberdeau.
5:01 of 2nd period - Shot Misses the Net.
5:42 of 2nd period - Off-side.
5:43 of 2nd period - Jared McCann wins face-off versus Tyler Johnson in neutral zone.
6:10 of 2nd period - Justin Faulk is hit by Matthew Boldy and loses puck.
6:30 of 2nd period - Icing by Mika Zibanejad.
6:31 of 2nd period - Josh Bailey wins face-off versus Radek Faksa in Detroit Red Wings zone.
6:44 of 2nd period - Snap shot by Daniel Sprong.
6:44 of 2nd period - Shot Misses the Net.
6:46 of 2nd period - Slapshot by Philippe Myers.
6:46 of 2nd period - Stopped by Jake Allen without a rebound.
6:47 of 2nd period - Marcus Johansson wins face-off versus Steven Stamkos in Philadelphia Flyers zone.
7:03 of 2nd period - Minor Penalty to Jared McCann for High sticking.
7:04 of 2nd period - Auston Matthews wins face-off versus Mika Zibanejad in Detroit Red Wings zone.
7:04 of 2nd period - Snap shot by Matt Duchene.
7:04 of 2nd period - Deflect By Auston Matthews.
7:04 of 2nd period - Stopped by Semyon Varlamov without a rebound.
7:05 of 2nd period - Sean Couturier wins face-off versus Auston Matthews in Detroit Red Wings zone.
7:22 of 2nd period - Wrist shot by Matt Duchene.
7:22 of 2nd period - Shot Misses the Net.
7:44 of 2nd period - Snap shot by Mika Zibanejad.
7:44 of 2nd period - Shot Blocked by Elias Lindholm.
8:48 of 2nd period - Slapshot by Matthew Boldy.
8:48 of 2nd period - Shot Misses the Net.
8:50 of 2nd period - Slapshot by Shayne Gostisbehere.
8:50 of 2nd period - Deflect By Marcus Johansson.
8:50 of 2nd period - Stopped by Jake Allen without a rebound.
8:51 of 2nd period - Auston Matthews wins face-off versus Steven Stamkos in Philadelphia Flyers zone.
9:03 of 2nd period - Penalty to Jared McCann is over, Jared McCann is back on ice.
9:33 of 2nd period - Off-side.
9:34 of 2nd period - Max Pacioretty wins face-off versus Mika Zibanejad in neutral zone.
9:37 of 2nd period - Mika Zibanejad is hit by Justin Faulk and loses puck.
9:42 of 2nd period - Wrist shot by Elias Lindholm.
9:42 of 2nd period - Shot Blocked by Mika Zibanejad.
10:05 of 2nd period - Snap shot by Auston Matthews.
10:05 of 2nd period - Stopped by Semyon Varlamov without a rebound.
10:06 of 2nd period - Steven Stamkos wins face-off versus Tyler Johnson in Detroit Red Wings zone.
10:08 of 2nd period - Minor Penalty to Steven Stamkos for Holding.
10:09 of 2nd period - Sean Couturier wins face-off versus Elias Lindholm in Detroit Red Wings zone.
10:19 of 2nd period - Wrist shot by Marcus Johansson.
10:19 of 2nd period - Deflect By Bryan Rust.
10:19 of 2nd period - Goal by Bryan Rust - Philadelphia Flyers : 3 - Detroit Red Wings : 3.
10:20 of 2nd period - Steven Stamkos wins face-off versus Elias Lindholm in neutral zone.
10:33 of 2nd period - Slapshot by Max Pacioretty.
10:33 of 2nd period - Shot Misses the Net.
10:35 of 2nd period - Snap shot by Max Pacioretty.
10:35 of 2nd period - Philadelphia Flyers goal is going for a video replay.
10:35 of 2nd period - The goal is good.
10:35 of 2nd period - Goal by Max Pacioretty - Philadelphia Flyers : 4 - Detroit Red Wings : 3.
10:36 of 2nd period - Tyler Johnson wins face-off versus Steven Stamkos in neutral zone.
10:53 of 2nd period - Wrist shot by Brock Nelson.
10:53 of 2nd period - Stopped by Jake Allen without a rebound.
10:54 of 2nd period - Mika Zibanejad wins face-off versus Elias Lindholm in Philadelphia Flyers zone.
10:55 of 2nd period - Snap shot by Matthew Boldy.
10:55 of 2nd period - Shot Misses the Net.
10:57 of 2nd period - Slapshot by Kevin Shattenkirk.
10:57 of 2nd period - Deflect By Matthew Boldy.
10:57 of 2nd period - Shot Blocked by Max Pacioretty.
10:57 of 2nd period - Puck is out of play.
10:58 of 2nd period - Mika Zibanejad wins face-off versus Nathan Bastian in Philadelphia Flyers zone.
11:05 of 2nd period - Snap shot by Carter Verhaeghe.
11:05 of 2nd period - Stopped by Jake Allen without a rebound.
11:06 of 2nd period - Radek Faksa wins face-off versus Steven Stamkos in Philadelphia Flyers zone.
11:06 of 2nd period - Radek Faksa is hit by Brock Nelson.
11:18 of 2nd period - Snap shot by Justin Faulk.
11:18 of 2nd period - Deflect By Bryan Rust.
11:18 of 2nd period - Stopped by Semyon Varlamov without a rebound.
11:19 of 2nd period - Tyler Johnson wins face-off versus Steven Stamkos in Detroit Red Wings zone.
11:44 of 2nd period - Nathan Bastian is hit by MacKenzie Weegar and loses puck.
12:09 of 2nd period - Wrist shot by Auston Matthews.
12:09 of 2nd period - Stopped by Semyon Varlamov with a rebound.
12:11 of 2nd period - Wrist shot by Matt Duchene.
12:11 of 2nd period - Stopped by Semyon Varlamov without a rebound.
12:12 of 2nd period - Steven Stamkos wins face-off versus Radek Faksa in Detroit Red Wings zone.
12:19 of 2nd period - Slapshot by Jared McCann.
12:19 of 2nd period - Stopped by Jake Allen with a rebound.
13:41 of 2nd period - Wrist shot by Matt Duchene.
13:41 of 2nd period - Stopped by Semyon Varlamov with a rebound.
13:44 of 2nd period - Icing by Steven Stamkos.
13:45 of 2nd period - Steven Stamkos wins face-off versus Elias Lindholm in Detroit Red Wings zone.
13:54 of 2nd period - Elias Lindholm is hit by Michael Del Zotto and loses puck.
14:52 of 2nd period - Elias Lindholm is hit by Jonathan Huberdeau and loses puck.
15:53 of 2nd period - Snap shot by Daniel Sprong.
15:53 of 2nd period - Stopped by Jake Allen with a rebound.
16:10 of 2nd period - Off-side.
16:11 of 2nd period - Auston Matthews wins face-off versus Sean Couturier in neutral zone.
16:15 of 2nd period - Off-side.
16:16 of 2nd period - Sean Couturier wins face-off versus Elias Lindholm in neutral zone.
17:09 of 2nd period - Wrist shot by Tyler Johnson.
17:09 of 2nd period - Shot Misses the Net.
18:08 of 2nd period - Snap shot by Josh Bailey.
18:08 of 2nd period - Stopped by Jake Allen without a rebound.
18:09 of 2nd period - Bryan Rust wins face-off versus Daniel Sprong in Philadelphia Flyers zone.
18:09 of 2nd period - Bryan Rust is hit by Zach Bogosian.
18:20 of 2nd period - Off-side.
18:21 of 2nd period - Steven Stamkos wins face-off versus Tyler Johnson in neutral zone.
18:30 of 2nd period - Slapshot by Tyler Johnson.
18:30 of 2nd period - Stopped by Semyon Varlamov with a rebound.
18:50 of 2nd period - Icing by Carter Verhaeghe.
18:51 of 2nd period - Radek Faksa wins face-off versus Mika Zibanejad in Detroit Red Wings zone.
19:23 of 2nd period - Snap shot by Tyler Johnson.
19:23 of 2nd period - Stopped by Semyon Varlamov with a rebound.
19:25 of 2nd period - Slapshot by Artem Zub.
19:25 of 2nd period - Stopped by Semyon Varlamov without a rebound.
19:26 of 2nd period - Jack McBain wins face-off versus Josh Bailey in Detroit Red Wings zone.
19:31 of 2nd period - Wrist shot by Matt Duchene.
19:31 of 2nd period - Deflect By Auston Matthews.
19:31 of 2nd period - Shot Hit the Post.
19:31 of 2nd period - Puck is out of play.
19:32 of 2nd period - Josh Bailey wins face-off versus Auston Matthews in Detroit Red Wings zone.
19:39 of 2nd period - Snap shot by Kevin Shattenkirk.
19:39 of 2nd period - Stopped by Jake Allen with a rebound.
19:41 of 2nd period - Snap shot by Kevin Shattenkirk.
19:41 of 2nd period - Shot Blocked by Jack McBain.
19:43 of 2nd period - Snap shot by Arthur Kaliyev.
19:43 of 2nd period - Stopped by Jake Allen without a rebound.
19:44 of 2nd period - Elias Lindholm wins face-off versus Jared McCann in Philadelphia Flyers zone.
19:49 of 2nd period - Steven Stamkos is hit by Nathan Bastian and loses puck.
Goals for this period are 2 for Philadelphia Flyers vs 1 for Detroit Red Wings.
Shots for this period are 11 for Philadelphia Flyers vs 14 for Detroit Red Wings.
3rd period
0:01 of 3rd period - Steven Stamkos wins face-off versus Radek Faksa in neutral zone.
0:10 of 3rd period - Wrist shot by Steven Stamkos.
0:10 of 3rd period - Shot Misses the Net.
1:21 of 3rd period - Wrist shot by Steven Stamkos.
1:21 of 3rd period - Stopped by Jake Allen without a rebound.
1:22 of 3rd period - Mika Zibanejad wins face-off versus Elias Lindholm in Philadelphia Flyers zone.
1:54 of 3rd period - Wrist shot by Shayne Gostisbehere.
1:54 of 3rd period - Stopped by Jake Allen with a rebound.
2:23 of 3rd period - Wrist shot by Bryan Rust.
2:23 of 3rd period - Shot Misses the Net.
2:25 of 3rd period - Snap shot by Radek Faksa.
2:25 of 3rd period - Stopped by Semyon Varlamov without a rebound.
2:26 of 3rd period - Mika Zibanejad wins face-off versus Elias Lindholm in Detroit Red Wings zone.
2:53 of 3rd period - Kevin Shattenkirk is hit by Justin Faulk and loses puck.
3:02 of 3rd period - Snap shot by Bryan Rust.
3:02 of 3rd period - Stopped by Semyon Varlamov with a rebound.
3:24 of 3rd period - Snap shot by Josh Bailey.
3:24 of 3rd period - Stopped by Jake Allen without a rebound.
3:25 of 3rd period - Tyler Johnson wins face-off versus Mika Zibanejad in Philadelphia Flyers zone.
3:27 of 3rd period - Minor Penalty to Tyler Johnson for Hooking.
3:28 of 3rd period - Steven Stamkos wins face-off versus Radek Faksa in Philadelphia Flyers zone.
5:23 of 3rd period - Bryan Rust is hit by Steven Stamkos and loses puck.
5:27 of 3rd period - Penalty to Tyler Johnson is over, Tyler Johnson is back on ice.
5:50 of 3rd period - Snap shot by Jesper Fast.
5:50 of 3rd period - Stopped by Semyon Varlamov with a rebound.
6:10 of 3rd period - Snap shot by Arthur Kaliyev.
6:10 of 3rd period - Stopped by Jake Allen without a rebound.
6:11 of 3rd period - Josh Bailey wins face-off versus Jesper Fast in Philadelphia Flyers zone.
6:12 of 3rd period - Wrist shot by Arthur Kaliyev.
6:12 of 3rd period - Stopped by Jake Allen with a rebound.
6:14 of 3rd period - Wrist shot by Jason Zucker.
6:14 of 3rd period - Stopped by Jake Allen without a rebound.
6:15 of 3rd period - Tyler Johnson wins face-off versus Josh Bailey in Philadelphia Flyers zone.
6:37 of 3rd period - Snap shot by Arthur Kaliyev.
6:37 of 3rd period - Stopped by Jake Allen with a rebound.
6:39 of 3rd period - Wrist shot by Zach Bogosian.
6:39 of 3rd period - Shot Misses the Net.
6:41 of 3rd period - Slapshot by Shayne Gostisbehere.
6:41 of 3rd period - Stopped by Jake Allen with a rebound.
6:43 of 3rd period - Slapshot by Shayne Gostisbehere.
6:43 of 3rd period - Stopped by Jake Allen with a rebound.
6:45 of 3rd period - Slapshot by Josh Bailey.
6:45 of 3rd period - Stopped by Jake Allen with a rebound.
6:47 of 3rd period - Wrist shot by Zach Bogosian.
6:47 of 3rd period - Shot Blocked by Justin Faulk.
6:51 of 3rd period - Slapshot by Josh Bailey.
6:51 of 3rd period - Shot Misses the Net.
6:53 of 3rd period - Wrist shot by Shayne Gostisbehere.
6:53 of 3rd period - Shot Blocked by Ben Chiarot.
6:55 of 3rd period - Snap shot by Arthur Kaliyev.
6:55 of 3rd period - Stopped by Jake Allen with a rebound.
6:57 of 3rd period - Slapshot by Shayne Gostisbehere.
6:57 of 3rd period - Goal by Shayne Gostisbehere - Philadelphia Flyers : 4 - Detroit Red Wings : 4.
6:58 of 3rd period - Radek Faksa wins face-off versus Steven Stamkos in neutral zone.
7:05 of 3rd period - MacKenzie Weegar is hit by Artem Zub and loses puck.
8:07 of 3rd period - Michael Del Zotto is hit by Lukas Sedlak and loses puck.
8:44 of 3rd period - Sean Couturier is hit by Erik Gustafsson and loses puck.
9:01 of 3rd period - Wrist shot by Sean Couturier.
9:01 of 3rd period - Shot Blocked by Artem Zub.
9:03 of 3rd period - Slapshot by Jonathan Huberdeau.
9:03 of 3rd period - Shot Blocked by Oliver Ekman-Larsson.
9:17 of 3rd period - Snap shot by Jonathan Huberdeau.
9:17 of 3rd period - Shot Misses the Net.
9:41 of 3rd period - Snap shot by Jonathan Huberdeau.
9:41 of 3rd period - Shot Misses the Net.
9:45 of 3rd period - Snap shot by Jason Zucker.
9:45 of 3rd period - Shot Misses the Net.
9:47 of 3rd period - Snap shot by Jason Zucker.
9:47 of 3rd period - Shot Misses the Net.
9:49 of 3rd period - Slapshot by MacKenzie Weegar.
9:49 of 3rd period - Deflect By Jason Zucker.
9:49 of 3rd period - Shot Misses the Net.
9:49 of 3rd period - Puck is out of play.
9:50 of 3rd period - Auston Matthews wins face-off versus Steven Stamkos in Philadelphia Flyers zone.
10:05 of 3rd period - Snap shot by Matt Duchene.
10:05 of 3rd period - Shot Blocked by Brock Nelson.
10:17 of 3rd period - Zach Bogosian is hit by Lukas Sedlak and loses puck.
10:26 of 3rd period - Slapshot by Shayne Gostisbehere.
10:26 of 3rd period - Stopped by Jake Allen with a rebound.
10:28 of 3rd period - Slapshot by Michael Del Zotto.
10:28 of 3rd period - Deflect By Matthew Boldy.
10:28 of 3rd period - Shot Misses the Net.
10:28 of 3rd period - Puck is out of play.
10:29 of 3rd period - Tyler Johnson wins face-off versus Steven Stamkos in Philadelphia Flyers zone.
10:43 of 3rd period - Slapshot by Jared McCann.
10:43 of 3rd period - Goal by Jared McCann - Philadelphia Flyers : 4 - Detroit Red Wings : 5.
10:44 of 3rd period - Steven Stamkos wins face-off versus Jack McBain in neutral zone.
10:47 of 3rd period - Jack McBain is hit by Steven Stamkos and loses puck.
11:00 of 3rd period - Snap shot by Auston Matthews.
11:00 of 3rd period - Stopped by Semyon Varlamov with a rebound.
11:10 of 3rd period - Justin Faulk is hit by Mika Zibanejad and loses puck.
11:37 of 3rd period - Wrist shot by Jonathan Huberdeau.
11:37 of 3rd period - Stopped by Jake Allen without a rebound.
11:38 of 3rd period - Auston Matthews wins face-off versus Jonathan Huberdeau in Philadelphia Flyers zone.
11:47 of 3rd period - Wrist shot by Auston Matthews.
11:47 of 3rd period - Shot Misses the Net.
11:49 of 3rd period - Snap shot by Matt Duchene.
11:49 of 3rd period - Stopped by Semyon Varlamov with a rebound.
11:51 of 3rd period - Snap shot by Jack McBain.
11:51 of 3rd period - Shot Misses the Net.
11:53 of 3rd period - Snap shot by Auston Matthews.
11:53 of 3rd period - Stopped by Semyon Varlamov with a rebound.
12:07 of 3rd period - Snap shot by Elias Lindholm.
12:07 of 3rd period - Shot Misses the Net.
12:13 of 3rd period - Wrist shot by Elias Lindholm.
12:13 of 3rd period - Stopped by Semyon Varlamov without a rebound.
12:14 of 3rd period - Mika Zibanejad wins face-off versus Radek Faksa in Detroit Red Wings zone.
12:34 of 3rd period - Icing by Bryan Rust.
12:35 of 3rd period - Radek Faksa wins face-off versus Steven Stamkos in Philadelphia Flyers zone.
13:06 of 3rd period - Snap shot by Radek Faksa.
13:06 of 3rd period - Stopped by Semyon Varlamov with a rebound.
13:08 of 3rd period - Slapshot by Oliver Ekman-Larsson.
13:08 of 3rd period - Stopped by Semyon Varlamov with a rebound.
13:10 of 3rd period - Slapshot by Oliver Ekman-Larsson.
13:10 of 3rd period - Stopped by Semyon Varlamov with a rebound.
13:26 of 3rd period - Wrist shot by Lukas Sedlak.
13:26 of 3rd period - Goal by Lukas Sedlak - Philadelphia Flyers : 5 - Detroit Red Wings : 5.
13:27 of 3rd period - Steven Stamkos wins face-off versus Auston Matthews in neutral zone.
13:45 of 3rd period - Off-side.
13:46 of 3rd period - Mika Zibanejad wins face-off versus Tyler Johnson in neutral zone.
14:13 of 3rd period - Brock Nelson is hit by Justin Faulk and loses puck.
14:38 of 3rd period - Off-side.
14:39 of 3rd period - Josh Bailey wins face-off versus Marcus Johansson in neutral zone.
14:58 of 3rd period - Snap shot by Daniel Sprong.
14:58 of 3rd period - Shot Misses the Net.
15:00 of 3rd period - Wrist shot by Josh Bailey.
15:00 of 3rd period - Stopped by Jake Allen with a rebound.
15:21 of 3rd period - Off-side.
15:22 of 3rd period - Radek Faksa wins face-off versus Steven Stamkos in neutral zone.
15:47 of 3rd period - Matthew Boldy is hit by Artem Zub and loses puck.
15:56 of 3rd period - Slapshot by Mika Zibanejad.
15:56 of 3rd period - Shot Misses the Net.
16:02 of 3rd period - Zach Bogosian is hit by Jack McBain and loses puck.
16:03 of 3rd period - Zach Bogosian from Detroit Red Wings is injured at 16:03 of 3rd period (Sprained Left Knee).
16:04 of 3rd period - Josh Bailey wins face-off versus Tyler Johnson in Detroit Red Wings zone.
17:03 of 3rd period - Minor Penalty to Ben Chiarot for Holding.
17:04 of 3rd period - Mika Zibanejad wins face-off versus Elias Lindholm in Philadelphia Flyers zone.
17:30 of 3rd period - Matt Roy is hit by Matthew Boldy.
17:40 of 3rd period - Snap shot by Matthew Boldy.
17:40 of 3rd period - Stopped by Jake Allen with a rebound.
19:03 of 3rd period - Penalty to Ben Chiarot is over, Ben Chiarot is back on ice.
19:23 of 3rd period - Jesper Fast is hit by Sean Couturier and loses puck.
19:48 of 3rd period - Wrist shot by Matt Duchene.
19:48 of 3rd period - Stopped by Semyon Varlamov without a rebound.
19:49 of 3rd period - Auston Matthews wins face-off versus Mika Zibanejad in Detroit Red Wings zone.
Goals for this period are 1 for Philadelphia Flyers vs 2 for Detroit Red Wings.
Shots for this period are 12 for Philadelphia Flyers vs 17 for Detroit Red Wings.
Overtime #1
0:01 of 1st overtime period - Auston Matthews wins face-off versus Mika Zibanejad in neutral zone.
0:10 of 1st overtime period - Snap shot by Auston Matthews.
0:10 of 1st overtime period - Deflect By Kevin Shattenkirk.
0:10 of 1st overtime period - Shot Blocked by Mika Zibanejad.
0:10 of 1st overtime period - Puck is out of play.
0:11 of 1st overtime period - Carter Verhaeghe wins face-off versus Elias Lindholm in Detroit Red Wings zone.
0:18 of 1st overtime period - Wrist shot by Max Pacioretty.
0:18 of 1st overtime period - Stopped by Semyon Varlamov without a rebound.
0:19 of 1st overtime period - Mika Zibanejad wins face-off versus Elias Lindholm in Detroit Red Wings zone.
0:51 of 1st overtime period - Slapshot by Kevin Shattenkirk.
0:51 of 1st overtime period - Stopped by Jake Allen without a rebound.
0:52 of 1st overtime period - Auston Matthews wins face-off versus Mika Zibanejad in Philadelphia Flyers zone.
1:30 of 1st overtime period - Snap shot by Steven Stamkos.
1:30 of 1st overtime period - Shot Misses the Net.
1:42 of 1st overtime period - MacKenzie Weegar is hit by Artem Zub and loses puck.
3:30 of 1st overtime period - Sean Couturier is hit by Jack McBain and loses puck.
4:52 of 1st overtime period - Icing by Justin Faulk.
4:53 of 1st overtime period - Jack McBain wins face-off versus Arthur Kaliyev in Philadelphia Flyers zone.
Goals for this period are 0 for Philadelphia Flyers vs 0 for Detroit Red Wings.
Shots for this period are 1 for Philadelphia Flyers vs 1 for Detroit Red Wings.
ShootOut
5:00 of 1st overtime period - Round #1.
5:00 of 1st overtime period - Philadelphia Flyers, Auston Matthews.
5:00 of 1st overtime period - Wrist shot by Auston Matthews.
5:00 of 1st overtime period - Stopped by Semyon Varlamov.
5:00 of 1st overtime period - Detroit Red Wings, Mika Zibanejad.
5:00 of 1st overtime period - Wrist shot by Mika Zibanejad.
5:00 of 1st overtime period - Stopped by Jake Allen.
5:00 of 1st overtime period - Round #2.
5:00 of 1st overtime period - Philadelphia Flyers, Matt Duchene.
5:00 of 1st overtime period - Deke by Matt Duchene.
5:00 of 1st overtime period - Goal by Matt Duchene.
5:00 of 1st overtime period - Detroit Red Wings, Steven Stamkos.
5:00 of 1st overtime period - Snap shot by Steven Stamkos.
5:00 of 1st overtime period - Shot Misses the Net.
5:00 of 1st overtime period - Round #3.
5:00 of 1st overtime period - Philadelphia Flyers, Max Pacioretty.
5:00 of 1st overtime period - Snap shot by Max Pacioretty.
5:00 of 1st overtime period - Goal by Max Pacioretty.
Back to the Top